 Dungeon Crawl Stone Soup version 0.26-a0-665-gefeb406119 (webtiles) character file.

Game seed: 5972753482355564107

59964 robertstho the Sharpshooter (level 15, -12/100 HPs)
             Began as a Kobold Hunter on Oct 15, 2020.
             Was the Champion of Okawaru.
             Mangled by Frances
             ... wielding a +0 trident
              (25 damage)
             ... on level 14 of the Dungeon.
             The game lasted 00:42:21 (22953 turns).

robertstho the Sharpshooter (Kobold Hunter)        Turns: 22953, Time: 00:42:22

Health: -12/100    AC: 23    Str: 15    XL:     15   Next: 36%
Magic:  14/21      EV: 15    Int:  8    God:    Okawaru [******]
Gold:   978        SH:  0    Dex: 19    Spells: 14/14 levels left

rFire    . . .     SeeInvis +   u - +7 arbalest "Roudovoh" {penet, rC- rN+ MR+}
rCold    x . .     Faith    .   (shield currently unavailable)
rNeg     + . .     Spirit   .   m - +1 chain mail of the Other Side {*Drain +Inv rElec Str-5}
rPois    +         Reflect  .   Y - +2 helmet of Limited Liability {Slay+3}
rElec    +         Harm     +   q - +2 cloak
rCorr    .         Rampage  .   g - +0 pair of gloves of Egalitarianism {Harm +Blink Str+4}
MR       ++...                  e - +0 pair of boots {Stlth+}
Stlth    ++++......             d - amulet of regeneration
HPRegen  0.66/turn              Z - ring of see invisible
MPRegen  0.17/turn              C - ring of Amecvy {rPois Int-4 Dex+3}

@: heroism, finesse
A: small, nightstalker 3
a: Heroism, Finesse, Renounce Religion, Evoke Blink, Evoke Invisibility


You were on level 14 of the Dungeon.
You worshipped Okawaru.
Okawaru was exalted by your worship.
You visited 4 branches of the dungeon, and saw 21 of its levels.

You collected 1611 gold pieces.
You spent 633 gold pieces at shops.

Inventory:

Hand Weapons
 a - a +1 hand crossbow
 u - the +7 arbalest "Roudovoh" (weapon) {penet, rC- rN+ MR+}
   (You found it on level 8 of the Dungeon)

   Ammo fired by it will pass through the targets it hits, potentially hitting
   all targets in its path until it reaches maximum range.
   It makes you vulnerable to cold.
   It protects you from negative energy.
   It affects your resistance to hostile enchantments.
Missiles
 v - 64 bolts (quivered)
Armour
 e - a +0 pair of boots of stealth (worn)
 g - the +0 pair of gloves of Egalitarianism (worn) {Harm +Blink Str+4}
   (Okawaru gifted it to you on level 14 of the Dungeon)

   It affects your strength (+4).
   It lets you blink.
   It increases damage dealt and taken.
 m - the +1 chain mail of the Other Side (worn) {*Drain +Inv rElec Str-5}
   (You found it on level 4 of the Lair of Beasts)

   It affects your strength (-5).
   It insulates you from electricity.
   It lets you turn invisible.
   It causes draining when unequipped.
 q - a +2 cloak (worn)
 A - a +1 plate armour of cold resistance
 E - a +0 pair of gloves
 R - a +2 chain mail of fire resistance
 W - a +0 buckler of protection
 Y - the +2 helmet of Limited Liability (worn) {Slay+3}
   (You bought it in a shop on level 6 of the Dungeon)

   It affects your accuracy and damage with ranged weapons and melee attacks
   (+3).
Jewellery
 b - an uncursed amulet of magic regeneration
 d - an amulet of regeneration (around neck)
 j - an uncursed ring of protection from cold
 o - an uncursed ring of protection from cold
 r - an uncursed ring of fire
 C - the ring of Amecvy (right hand) {rPois Int-4 Dex+3}
   (You found it on level 5 of the Dungeon)

   [ring of intelligence]

   It affects your intelligence (-4).
   It affects your dexterity (+3).
   It protects you from poison.
 L - an uncursed ring of ice
 U - a +4 ring of protection
 Z - a ring of see invisible (left hand)
Wands
 y - a wand of iceblast (21)
 M - a wand of disintegration (9)
 V - a wand of acid (10)
Scrolls
 f - 4 scrolls of identify
 h - 4 scrolls of enchant armour
 i - a scroll of vulnerability {unknown}
 k - 13 scrolls of remove curse
 l - 3 scrolls of enchant weapon
 p - 3 scrolls of blinking
 t - 6 scrolls of teleportation
 w - 5 scrolls of fear
 B - 4 scrolls of fog
 F - 2 scrolls of immolation
 G - 5 scrolls of magic mapping
 S - a scroll of summoning
Potions
 c - 4 potions of stabbing
 s - 8 potions of curing
 x - a potion of cancellation
 z - 3 potions of flight
 D - 5 potions of lignification
 H - a potion of haste
 J - 2 potions of might
 K - 3 potions of magic
 O - 3 potions of mutation
 T - a potion of berserk rage


   Skills:
 * Level 14.0(19.0) Fighting
   Level 1.5(6.5) Short Blades
   Level 4.8(9.8) Maces & Flails
 * Level 19.0(24.0) Crossbows
 + Level 7.4(12.4) Armour
 + Level 4.7(9.7) Dodging
 + Level 5.9(10.9) Stealth
 + Level 3.4(8.4) Shields
 * Level 8.9 Invocations
 + Level 1.3 Evocations


You had 14 spell levels left.
You didn't know any spells.
Your spell library contained the following spells:

 Spells                   Type           Power        Failure   Level
 Animate Skeleton         Necr           #.....       99%         1
 Apportation              Tloc           #.....       99%         1
 Corona                   Hex            #......      99%         1
 Summon Small Mammal      Summ           #...         99%         1
 Poisonous Vapours        Pois/Air       #.....       100%        2
 Confusing Touch          Hex            #.......     100%        3
 Conjure Flame            Conj/Fire      #.......     100%        3
 Gell's Gravitas          Tloc           #.........   100%        3
 Mephitic Cloud           Conj/Pois/Air  #.......     100%        3
 Petrify                  Tmut/Erth      #.......     100%        4
 Metabolic Englaciation   Hex/Ice        #.........   100%        5
 Yara's Violent Unravell  Hex/Tmut       #.........   100%        5
 Freezing Cloud           Conj/Ice/Air   #.........   100%        6


Dungeon Overview and Level Annotations

Branches:
Dungeon (14/15)            Temple (1/1) D:7            Lair (4/6) D:10
 Shoals (0/4) Lair:4       Spider (0/4) Lair:3          Orc (2/2) D:11
 Vaults (0/5) D:13
    Elf: Orc:2

Altars:
Cheibriados
Gozag
Hepliaklqana
Kikubaaqudgha
Makhleb
Nemelex Xobeh
Okawaru
Ru
Uskayaw
Vehumet
Xom
Yredelemnul
Zin

Shops:
D:4 *   D:6 *   D:7 (   D:12 ?   D:14 :

Annotations:
D:4 good shop
D:6 341 helment
D:14 Frances
Orc:2 Sonja


Innate Abilities, Weirdness & Mutations

You are small and have problems with some larger weapons.
You are completely attuned to the shadows.


Message History

The hellwing hits you but does no damage.
You are too injured to fight recklessly!
You are too injured to fight recklessly!
You are too injured to fight recklessly!
You are too injured to fight recklessly!
You feel much better. Frances hits you but does no damage.
Frances says, "I command an army of devils.
What do you command?"
Frances mutters in a terrible tongue.
The hellwing hits you but does no damage.
The hellwing closely misses you.
You can now deal lightning-fast blows.
Frances hits you from afar with a +0 trident!!
* * * LOW HITPOINT WARNING * * *
The hellwing misses you. The hellwing closely misses you.
Unknown command.
You feel better.
Frances hits you from afar with a +0 trident!
* * * LOW HITPOINT WARNING * * *
Frances hits you from afar with a +0 trident!!
You die...

###...#...###
###...### #.### ###
#.##### #..
#.......3# #.#
##..#####4# #.#
#.....# #@#######
#.# #####.#
#4#...... #.#
#.###@#.##### #.#
#†##....#### #.# .
#†##.#.....# #.#
##' #.##....##.#
#..
#.'##.#####.##.###.
### #.....#
#........ #....##
######.#### #
#.....###....#.# ##
.......##......####
#.


You could see Frances (fast, strong), a sun demon (summoned), a hellwing
(summoned) and a red devil (summoned).

Vanquished Creatures
  Kirke (D:14)
  Snorg (D:11)
  Josephine (D:14)
  4 boulder beetles
  A death knight (D:13)
  4 hydras
  A centaur warrior (D:13)
  7 two-headed ogres
  2 tengu warriors (D:13)
  An unseen horror (D:13)
  5 skeletal warriors
  A lindwurm (Lair:4)
  2 phantasmal warriors (D:13)
  2 cyclopes (D:13)
  A manticore (Lair:4)
  12 ugly things (D:14)
  An oklob plant (Lair:1)
  2 centaur zombies (D:11)
  A torpor snail (Lair:2)
  5 cane toads
  A gargoyle (D:10)
  2 rime drakes
  Maggie (D:6)
  A kobold demonologist (D:12)
  A yaktaur (D:14)
  5 komodo dragons
  A freezing wraith (D:13)
  A wind drake (Lair:4)
  A meliai (D:9)
  A polar bear (Lair:3)
  4 trolls
  A jumping spider (Lair:3)
  A harpy zombie (D:14)
  Prince Ribbit (D:5)
  3 hornets
  7 blink frogs
  14 slime creatures
  7 wraiths
  61 yaks
  3 wyverns
  2 hogs (D:14)
  3 basilisks
  2 vampire mosquitoes (D:14)
  Edmund (D:6)
  2 wargs
  Duvessa (D:5)
  15 water moccasins
  2 black bears
  4 orc warriors
  4 phantoms
  8 sky beasts
  3 ice beasts
  2 necrophages
  7 ogres
  8 wolves (Lair:2)
  16 centaurs
  5 big kobolds
  22 bullfrogs
  Dowan (D:5)
  3 scorpions
  A water moccasin skeleton (D:5)
  5 killer bees
  3 howler monkeys (D:12)
  4 jellies
  4 bullfrog zombies
  9 orc priests
  A gnoll shaman (D:8)
  5 hounds
  2 bullfrog skeletons
  4 centaur skeletons
  2 iguanas
  10 orc wizards
  5 hell rats (Lair:3)
  9 worker ants
  2 hound zombies
  8 gnolls
  14 adders
  2 shadow imps (D:8)
  A white imp (D:5)
  An ufetubus (D:9)
  2 oozes (D:1)
  3 worms
  2 dart slugs
  8 leopard geckos
  72 orcs
  11 giant cockroaches
  4 goblins
  9 hobgoblins
  13 jackals
  2 quokkas
  A ball python (D:5)
  8 bats
  A frilled lizard (D:2)
  A jackal skeleton (D:4)
  20 kobolds
  A leopard gecko skeleton (D:5)
  A quokka skeleton (D:7)
  3 rats
  A bush (Lair:1)
538 creatures vanquished.

Vanquished Creatures (others)
  A human (D:14)
  10 fungi
  50 plants
61 creatures vanquished.

Grand Total: 599 creatures vanquished

Notes
Turn   | Place    | Note
-------+----------+-------------------------------------------
     0 | D:1      | robertstho the Kobold Hunter began the quest for the Orb.
     0 | D:1      | Reached XP level 1. HP: 12/12 MP: 1/1
    97 | D:1      | Reached skill level 5 in Crossbows
   202 | D:1      | Reached XP level 2. HP: 17/17 MP: 2/2
   517 | D:1      | Reached XP level 3. HP: 21/21 MP: 3/3
  1122 | D:2      | Reached skill level 6 in Crossbows
  1159 | D:2      | Reached XP level 4. HP: 25/27 MP: 4/4
  2049 | D:3      | Found a shimmering altar of Xom.
  2053 | D:3      | Found a shimmering altar of Xom.
  2063 | D:3      | Found a shimmering altar of Xom.
  2064 | D:3      | Found a shimmering altar of Xom.
  2064 | D:3      | Found a shimmering altar of Xom.
  2065 | D:3      | Found a shimmering altar of Xom.
  2066 | D:3      | Found a shimmering altar of Xom.
  2420 | D:3      | Reached XP level 5. HP: 30/32 MP: 5/5
  2603 | D:3      | Reached skill level 1 in Shields
  3360 | D:4      | Noticed a phantom
  3390 | D:4      | Killed a phantom
  3390 | D:4      | Reached skill level 1 in Short Blades
  3390 | D:4      | Reached skill level 7 in Crossbows
  3390 | D:4      | Reached XP level 6. HP: 29/37 MP: 6/6
  3926 | D:4      | Reached XP level 7. HP: 34/41 MP: 7/7
  4224 | D:4      | Reached skill level 1 in Maces & Flails
  4231 | D:4      | Reached skill level 1 in Armour
  5013 | D:4      | Reached skill level 8 in Crossbows
  5280 | D:4      | Found Qeusud's General Store.
  5331 | D:4      | Bought a scroll of fear for 49 gold pieces
  5331 | D:4      | Bought a scroll of teleportation for 42 gold pieces
  5331 | D:4      | Bought a scroll of identify for 28 gold pieces
  5331 | D:4      | Bought a scroll of remove curse for 42 gold pieces
  5331 | D:4      | Bought a scroll of amnesia for 49 gold pieces
  5507 | D:5      | Entered Level 5 of the Dungeon
  5535 | D:5      | Noticed Duvessa
  5537 | D:5      | Noticed Dowan
  5570 | D:5      | Killed Duvessa
  5570 | D:5      | Reached XP level 8. HP: 36/48 MP: 8/8
  5588 | D:5      | Killed Dowan
  6712 | D:5      | Got a twitching platinum ring
  6752 | D:5      | Noticed Prince Ribbit
  6930 | D:5      | Killed Prince Ribbit
  6956 | D:6      | Identified the cursed ring of Amecvy {rPois Int-4 Dex+3}
                  | (You found it on level 5 of the Dungeon)
  7236 | D:6      | Noticed Maggie
  7257 | D:6      | Killed Maggie
  7257 | D:6      | Reached skill level 5 in Fighting
  7257 | D:6      | Reached skill level 9 in Crossbows
  7257 | D:6      | Reached XP level 9. HP: 17/54 MP: 9/9
  7389 | D:6      | Noticed Edmund
  7441 | D:6      | Killed Edmund
  7645 | D:6      | Found Hihek's General Store.
  7651 | D:6      | Bought 17 bolts for 34 gold pieces
  8201 | D:7      | Found a staircase to the Ecumenical Temple.
  8287 | Temple   | Entered the Ecumenical Temple
  8350 | Temple   | Became a worshipper of Warmaster Okawaru
  8577 | D:7      | Found a burning altar of Makhleb.
  8607 | D:7      | Found Diokuh's Antique Weapon Shoppe.
  8787 | D:8      | Reached skill level 1 in Invocations
  8788 | D:8      | Noticed a hornet
  8817 | D:8      | Reached skill level 10 in Crossbows
  8828 | D:8      | Killed a hornet
  8828 | D:8      | Reached XP level 10. HP: 42/61 MP: 11/11
  8830 | D:8      | Noticed a boulder beetle
  8864 | D:8      | Killed a boulder beetle
  8864 | D:8      | Reached * piety under Okawaru
  8864 | D:8      | Reached skill level 5 in Stealth
  8864 | D:8      | Reached skill level 1 in Evocations
  9204 | D:8      | Reached skill level 11 in Crossbows
  9212 | D:8      | Reached ** piety under Okawaru
  9532 | D:8      | Noticed a boulder beetle
  9539 | D:8      | Got a transparent arbalest
  9606 | D:7      | Identified the +7 arbalest "Roudovoh" {penet, rC- rN+ MR+}
                  | (You found it on level 8 of the Dungeon)
 10346 | D:9      | Reached *** piety under Okawaru
 10421 | D:9      | Reached XP level 11. HP: 68/68 MP: 13/13
 10542 | D:9      | Reached skill level 12 in Crossbows
 10629 | D:9      | Noticed a two-headed ogre
 10634 | D:9      | Killed a two-headed ogre
 10639 | D:9      | Received a gift from Okawaru
 10929 | D:10     | Entered Level 10 of the Dungeon
 11135 | D:10     | Noticed a skeletal warrior
 11136 | D:10     | Noticed a skeletal warrior
 11137 | D:10     | Noticed a skeletal warrior
 11137 | D:10     | Noticed a skeletal warrior
 11158 | D:10     | Killed a skeletal warrior
 11160 | D:10     | Killed a skeletal warrior
 11160 | D:10     | Reached **** piety under Okawaru
 11160 | D:10     | Reached skill level 13 in Crossbows
 11165 | D:10     | Killed a skeletal warrior
 11173 | D:10     | Killed a skeletal warrior
 11173 | D:10     | Reached skill level 5 in Invocations
 11342 | D:10     | Received a gift from Okawaru
 11483 | D:10     | Noticed a two-headed ogre
 11491 | D:10     | Killed a two-headed ogre
 11840 | D:10     | Noticed a two-headed ogre
 11845 | D:10     | Killed a two-headed ogre
 11845 | D:10     | Reached ***** piety under Okawaru
 11845 | D:10     | Received a gift from Okawaru
 11845 | D:10     | Reached skill level 14 in Crossbows
 11845 | D:10     | Reached XP level 12. HP: 22/76 MP: 14/16
 11986 | D:10     | Found a hide-covered altar of Uskayaw.
 12228 | D:10     | Found a staircase to the Lair.
 12447 | D:10     | Noticed a two-headed ogre
 12452 | D:10     | Killed a two-headed ogre
 12685 | D:11     | Received a gift from Okawaru
 12986 | D:11     | Found a staircase to the Orcish Mines.
 13026 | D:11     | Noticed a six-headed hydra
 13030 | D:11     | Killed a six-headed hydra
 13030 | D:11     | Received a gift from Okawaru
 13198 | D:11     | Noticed Snorg
 13205 | D:11     | Killed Snorg
 13205 | D:11     | Reached skill level 10 in Fighting
 13205 | D:11     | Reached skill level 15 in Crossbows
 13299 | D:11     | Noticed a boulder beetle
 13306 | D:11     | Killed a boulder beetle
 13566 | D:11     | Received a gift from Okawaru
 13703 | Lair:1   | Entered Level 1 of the Lair of Beasts
 13777 | Lair:1   | Reached skill level 5 in Armour
 14009 | Lair:1   | Reached XP level 13. HP: 83/83 MP: 17/17
 14229 | Lair:1   | Reached skill level 16 in Crossbows
 15187 | Lair:2   | Noticed a five-headed hydra
 15194 | Lair:2   | Killed a five-headed hydra
 16144 | Lair:2   | Reached skill level 17 in Crossbows
 16544 | Lair:3   | Received a gift from Okawaru
 16705 | Lair:3   | Received a gift from Okawaru
 16995 | Lair:3   | Noticed a five-headed hydra
 17000 | Lair:3   | Killed a five-headed hydra
 17193 | Lair:3   | Found a hole to the Spider Nest.
 17597 | Lair:4   | Got a faintly humming chain mail
 17615 | Lair:3   | Identified the cursed +1 chain mail of the Other Side
                  | {*Drain +Inv rElec Str-5} (You found it on level 4 of the
                  | Lair of Beasts)
 17744 | Lair:4   | Found a staircase to the Shoals.
 17800 | Lair:4   | Reached XP level 14. HP: 86/91 MP: 19/19
 19053 | D:6      | Bought the +2 helmet of Limited Liability {Slay+3} for 341
                  | gold pieces
 19257 | D:12     | Reached skill level 18 in Crossbows
 19459 | D:12     | Reached ****** piety under Okawaru
 19626 | D:12     | Found Eqec's Magic Scroll Emporium.
 19631 | D:12     | Bought a scroll of random uselessness for 16 gold pieces
 19635 | D:12     | Bought a scroll of identify for 32 gold pieces
 19742 | D:12     | Identified the +6 trident of the Two Names {antimagic,
                  | +Rage Str-4 Dex+2} (You found it on level 12 of the
                  | Dungeon)
 20129 | D:13     | Received a gift from Okawaru
 20547 | D:13     | Found a gate to the Vaults.
 20884 | Orc:1    | Entered Level 1 of the Orcish Mines
 20936 | Orc:2    | Entered Level 2 of the Orcish Mines
 20944 | Orc:2    | Noticed Sonja
 20945 | Orc:2    | Noticed an orc warlord
 22133 | D:14     | Noticed Kirke
 22142 | D:14     | Killed Kirke
 22142 | D:14     | Reached XP level 15. HP: 39/99 MP: 21/21
 22157 | D:14     | Received a gift from Okawaru
 22171 | D:14     | Got a pair of ichor-stained gloves {god gift}
 22181 | D:14     | Identified the +0 pair of gloves of Egalitarianism {Harm
                  | +Blink Str+4} (Okawaru gifted it to you on level 14 of the
                  | Dungeon)
 22320 | D:14     | Found Reaceh's Book Emporium.
 22518 | D:14     | Noticed Josephine
 22527 | D:14     | Killed Josephine
 22865 | D:14     | Reached skill level 19 in Crossbows
 22941 | D:14     | Noticed Frances
 22953 | D:14     | Mangled by Frances

Illustrated notes

Levels and vault maps discovered:
D:1:      minmay_arrival_split_and_join, layout_loops_ring,
          minmay_misc_feat_columns, minmay_worlds_worst_comb
D:2:      layout_basic
D:3:      layout_loops_cross, xom_redecorated, gup_sewer_entry_glass,
          minmay_misc_feat_ornament, kennysheep_donut, kennysheep_crisscross
D:4:      layout_cave_pods, serial_shops,
          nicolae_shop_temple_entry_statues_fountains
D:5:      layout_layer_cave, minmay_starry_boxes, uniq_prince_ribbit1,
          uniq_duvessa
D:6:      layout_basic, serial_shops, shop, minivault_22, uniq_edmund,
          uniq_maggie
D:7:      layout_basic, temple_fountains, serial_shops, shop, bloody_makhleb
D:8:      cheibrodos_ideogram_h, layout_basic, serial_glass, glass_columns_a,
          glass_columns_b, item_on_display_a, due_unseen_surprise
D:9:      minmay_opposing_rooms, layout_basic, hex_tiny
D:10:     layout_stronghold, david_lair_shrubbed, basic_altar, minivault_26
D:11:     layout_gridville, erik_orc_4, minmay_fountain_box, uniq_snorg
D:12:     layout_rooms, serial_shops, shop, grunt_ministairs_15
D:13:     layout_irregular_city, david_vaults_2
D:14:     layout_loops_corners, nicolae_benzene_ring, serial_shops, shop_statue,
          hangedman_abyss_or_decor_clamps, uniq_josephine, uniq_frances,
          uniq_kirke
Temple:   regret_index_temple_sigil_plot
Lair:1:   layout_long_grid, serial_forest, infiniplex_forest_zigzag_1,
          infiniplex_forest_lined_2, infiniplex_forest_end_1,
          infiniplex_forest_clump_long, infiniplex_forest_clump_double,
          infiniplex_forest_straight_4, infiniplex_forest_corner_1,
          infiniplex_forest_end_3, lemuel_fruit_fields,
          minmay_lair_oklob_chamber
Lair:2:   layout_regular_city, grunt_megastairs_4
Lair:3:   layout_concentric_octagons, spider_nest_entry_rubble,
          gauntlet_entry_generic
Lair:4:   layout_gridlike, minmay_shoals_entry_beasts, st_stairs_6
Orc:1:    layout_diamond_mine, uniq_nergalle
Orc:2:    st_orc_rangers, layout_caves, serial_shops, shop, uniq_sonja

Skill      XL: |  1  2  3  4  5  6  7  8  9 10 11 12 13 14 15 |
---------------+----------------------------------------------+-----
Crossbows      | 5 6 7 8 9 10 11 14 15 17 18 19 | 19.0
Shields        | 1 2 3 |  3.4
Fighting       | 3 4 5 6 8 9 10 11 13 14 | 14.0
Short Blades   | 1 |  1.5
Stealth        | 2 3 4 5 |  5.9
Maces & Flails | 2 3 4 |  4.8
Armour         | 1 2 3 4 5 7 |  7.4
Dodging        | 3 4 |  4.7
Invocations    | 2 3 5 6 7 8 |  8.9
Evocations     | 1 |  1.3

Action                   |  1- 3 |  4- 6 |  7- 9 | 10-12 | 13-15 || total
-------------------------+-------+-------+-------+-------+-------++-------
Melee: Short sword       |       |    78 |       |       |       ||    78
       Flail             |       |    25 |   337 |    23 |       ||   385
       Unarmed           |       |       |     5 |       |       ||     5
       Eveningstar       |       |       |       |       |    29 ||    29
 Fire: Hand crossbow     |    48 |    80 |   181 |   106 |       ||   415
       Arbalest          |       |       |       |   308 |   728 ||  1036
Invok: Heroism           |       |       |       |     6 |     1 ||     7
       Finesse           |       |       |       |       |     1 ||     1
Evoke: Wand              |       |     1 |     3 |     3 |     3 ||    10
  Use: Potion            |       |     4 |     3 |     1 |     6 ||    14
       Scroll            |       |       |    11 |     5 |    11 ||    27
 Stab: Sleeping          |       |     4 |     1 |       |       ||     5
       Paralysed         |       |     3 |     8 |     5 |       ||    16
       Invisible         |       |       |       |     1 |       ||     1
Armor: Leather armour    |     3 |    24 |    70 |       |       ||    97
       Plate armour      |       |       |   238 |   195 |       ||   433
       Chain mail        |       |       |       |     8 |   304 ||   312
Dodge: Dodged            |     8 |    82 |   249 |   102 |   210 ||   651
Block: Buckler           |     5 |    19 |   148 |    31 |       ||   203

Table legend: (Time is in decaauts)
 A = Elapsed time spent in this place.
 B = Non-inter-level travel time spent in this place.
 C = Inter-level travel time spent in this place.
 D = Time resting spent in this place.
 E = Time spent auto-exploring this place.
 F = Levels seen in this place.
 G = Mean time per level.
                   A        B        C        D        E       F      G
               +--------+--------+--------+--------+--------+-----+--------+
         Total |  23196 |  21927 |   1269 |    649 |  17481 |  21 | 1104.6 |
       Dungeon |  17647 |  16558 |   1089 |    579 |  12860 |  14 | 1260.5 |
        Temple |     87 |     63 |     24 |      0 |     43 |   1 |   87.0 |
          Lair |   5241 |   5096 |    145 |      0 |   4504 |   4 | 1310.2 |
  Orcish Mines |    220 |    211 |      9 |     70 |     74 |   2 |  110.0 |
               +--------+--------+--------+--------+--------+-----+--------+

Top non-repeatable levels by time:
     D:4: 2064 daAuts
    D:10: 1865 daAuts
     D:8: 1660 daAuts
     D:5: 1551 daAuts
     D:3: 1506 daAuts
  Lair:1: 1493 daAuts
    D:13: 1468 daAuts
  Lair:4: 1287 daAuts
  Lair:2: 1232 daAuts
  Lair:3: 1227 daAuts
    D:11: 1162 daAuts
     D:1: 1130 daAuts
    D:12: 1022 daAuts
     D:2: 980 daAuts
    D:14: 908 daAuts
